 Dungeon Crawl Stone Soup version 0.31-a0-971-g75a2e9a4b4 (webtiles) character file.

Game seed: 7491210879844645566

48 zenocrate the Sneak (level 3, -4/17 HPs)
             Began as a Vine Stalker Enchanter on Oct 28, 2023.
             Slain by a gnoll
             ... wielding a +0 spear
              (7 damage)
             ... on level 2 of the Dungeon.
             The game lasted 00:01:04 (1264 turns).

zenocrate the Sneak (Vine Stalker Enchanter)        Turns: 1264, Time: 00:01:05

Health: -4/17      AC:  2    Str: 10    XL:     3   Next: 72%
Magic:  0/7        EV: 12    Int: 15    God:
Gold:   67         SH:  0    Dex: 16    Spells: 1/6 levels left

rFire   . . .        b - +0 dagger (drain)
rCold   . . .        (no shield)
rNeg    . . .        e - +0 robe
rPois   .            (no helmet)
rElec   .            (no cloak)
rCorr   .            (no gloves)
SInv    .            (no boots)
Will    .....        (no amulet)
Stlth   +++          (no ring)
HPRegen 1.02/turn    (no ring)
MPRegen 0.10/turn

%: guardian spirit
@: very slightly contaminated
A: fangs 2, regeneration 1, magic shield, antimagic bite, no potion heal 2
a: no special abilities


You were on level 2 of the Dungeon.
You visited 1 branch of the dungeon, and saw 2 of its levels.

You collected 67 gold pieces.

Inventory:

Hand Weapons
 a - a +1 dagger
 b - a +0 dagger of draining (weapon)
 i - a +0 dagger of venom
Missiles
 g - 4 poisoned darts (quivered)
Armour
 e - a +0 robe (worn)
Scrolls
 d - a scroll of fog {unknown}
 f - 2 scrolls of identify {unknown}
 h - a scroll of vulnerability {unknown}
 j - a scroll of teleportation {unknown}
Potions
 c - 2 potions of invisibility


   Skills:
 + Level 0.3 Fighting
 + Level 1.6 Short Blades
 - Level 1.5 Dodging
 + Level 4.2 Stealth
 - Level 2.1 Spellcasting
 + Level 3.4 Hexes
 + Level 1.2 Ice Magic


You had one spell level left.
You knew the following spells:

 Your Spells              Type           Power      Damage    Failure   Level
a - Ensorcelled Hibernat  Hex/Ice        16%        N/A       13%         2
b - Confusing Touch       Hex            11%        N/A       16%         3

Your spell library contained the following spells:

 Spells                   Type           Power      Damage    Failure   Level
 Tukima's Dance           Hex            11%        N/A       16%         3
 Dazzling Flash           Conj/Hex       12%        N/A       32%         3


Dungeon Overview and Level Annotations

Branches:
Dungeon (2/15)

Altars:


Innate Abilities, Weirdness & Mutations

You have extremely sharp teeth.
Your natural rate of healing is unusually fast.
When hurt, damage is shared between your health and your magic reserves.
Your bite disrupts and absorbs the magic of your enemies.
Potions cannot restore your health.


Message History

Confirm with . or Enter, or press ? or * to list all spells.
Aiming: Ensorcelled Hibernation (safe; 13% risk of failure)
Press: ? - help, Shift-Dir - straight line, f/p - gnoll
Aim: a gnoll, wielding a +0 spear (chance to affect: 50%)
Okay, then.
The ball python closely misses you. The ball python grabs you.
The ball python constricts you. The gnoll attacks as it pursues you!
The gnoll hits you from afar with a +0 spear.
You escape the ball python's grasp.
The gnoll attacks as it pursues you!
The gnoll hits you from afar with a +0 spear.
The ball python attacks as it pursues you!
The ball python bites you. The ball python misses you.
The ball python bites you but does no damage.
The ball python grabs you. The ball python constricts you.
You escape the ball python's grasp.
Casting: Ensorcelled Hibernation (safe; 13% risk of failure)
Confirm with . or Enter, or press ? or * to list all spells.
Aiming: Ensorcelled Hibernation (safe; 13% risk of failure)
Press: ? - help, Shift-Dir - straight line, f - ball python
Aim: a ball python (chance to affect: 59%)
You miscast Ensorcelled Hibernation.
You are very lightly contaminated with residual magic.
Nothing appears to happen.
Casting: Ensorcelled Hibernation (safe; 13% risk of failure)
Confirm with . or Enter, or press ? or * to list all spells.
Aiming: Ensorcelled Hibernation (safe; 13% risk of failure)
Press: ? - help, Shift-Dir - straight line, f/p - ball python
Aim: a ball python (chance to affect: 59%)
The ball python looks drowsy...
The gnoll closely misses you.
The helpless ball python fails to defend itself.
You impale the ball python!!
You kill the ball python!
The gnoll hits you from afar with a +0 spear.
The gnoll hits you from afar with a +0 spear.
The gnoll hits you with a +0 spear.
You hit the gnoll but do no damage.
The gnoll hits you from afar with a +0 spear.
* * * LOW HITPOINT WARNING * * *
The gnoll hits you with a +0 spear!
You die...

....###
.........#
....$..#..
..#....... .
........#### ..
#..#......###
...#....#.##.#.#
#..........!#@#
#..........gg.#
..#.#....#....#
###.......#
.........#
.##.....### #
#.##.## ...##.#
##.....


You could see 2 gnolls.

Vanquished Creatures
  2 adders (D:2)
  A dart slug (D:1)
  2 ball pythons
  2 bats (D:1)
  An endoplasm (D:1)
  A giant cockroach (D:2)
  7 goblins
  2 hobgoblins (D:1)
  4 kobolds (D:1)
  2 frilled lizards (D:1)
24 creatures vanquished.

Notes
Turn   | Place    | Note
-------+----------+-------------------------------------------
     0 | D:1      | zenocrate the Vine Stalker Enchanter began the quest for
                  | the Orb.
     0 | D:1      | Reached XP level 1. HP: 9/9 MP: 4/4
    53 | D:1      | Reached skill level 1 in Short Blades
   108 | D:1      | Reached XP level 2. HP: 13/13 MP: 6/6
   111 | D:1      | Learned a level 2 spell: Ensorcelled Hibernation
   308 | D:1      | Reached skill level 4 in Stealth
   701 | D:1      | Found a faded altar of an unknown god.
   899 | D:1      | Reached skill level 1 in Ice Magic
   899 | D:1      | Reached XP level 3. HP: 12/16 MP: 5/7
   903 | D:1      | Learned a level 3 spell: Confusing Touch
  1264 | D:2      | Slain by a gnoll

Illustrated notes

Levels and vault maps discovered:
D:1:      sevenhm_arrival_forest_fort_large_4, layout_basic,
          hellmonk_ecumenical_altar_leap_of_faith
D:2:      layout_basic, serial_rivers, chequers_serial_rivers_micro_a,
          chequers_serial_rivers_micro_c, chequers_serial_rivers_small_a,
          chequers_serial_rivers_micro_a

Skill      XL: |  1  2 |
---------------+-------+-----
Short Blades   | 1 |  1.6
Stealth        | 4 |  4.2
Ice Magic      | 1 |  1.2
Fighting       | |  0.3
Dodging        | |  1.5
Spellcasting   | |  2.1
Hexes          | |  3.4

Action                     || total
---------------------------++-------
  Melee: Dagger            ||    56
         Bite              ||    12
   Cast: Ensorcelled Hiber ||     4
   Stab: Sleeping          ||     8
 Armour: Robe              ||    19
  Dodge: Dodged            ||    35

Table legend: (Time is in decaauts)
 A = Elapsed time spent in this place.
 B = Non-inter-level travel time spent in this place.
 C = Inter-level travel time spent in this place.
 D = Time resting spent in this place.
 E = Time spent auto-exploring this place.
 F = Levels seen in this place.
 G = Mean time per level.
                   A        B        C        D        E       F      G
               +--------+--------+--------+--------+--------+-----+--------+
         Total |   1260 |   1205 |     55 |      0 |   1009 |   2 |  630.0 |
       Dungeon |   1260 |   1205 |     55 |      0 |   1009 |   2 |  630.0 |
               +--------+--------+--------+--------+--------+-----+--------+

Top non-repeatable levels by time:
     D:1: 1129 daAuts
     D:2: 131 daAuts
